 Dungeon Crawl Stone Soup version 0.29-a0-490-g77b3608bb8 (webtiles) character file.

Game seed: 6438569721665322656

14 croobank the Covert (level 2, -1/29 HPs)
             Began as a Gnoll Delver on May 27, 2022.
             Slain by a white imp (2 damage)
             ... summoned by Natasha
             ... on level 2 of the Dungeon.
             The game lasted 00:04:31 (384 turns).

croobank the Covert (Gnoll Delver)                   Turns: 384, Time: 00:04:35

Health: -1/29      AC:  3    Str: 11    XL:     2   Next: 41%
Magic:  0/2        EV: 13    Int:  9    God:
Gold:   6          SH:  0    Dex: 13    Spells: 1/1 levels left

rFire   + . .      SeeInvis .   k - +0 falchion
rCold   . . .      Faith    .   (no shield)
rNeg    . . .      Spirit   +   b - +0 leather armour
rPois   .          Reflect  .   (no helmet)
rElec   .          Harm     .   (no cloak)
rCorr   .          Rampage  .   (no gloves)
Will    .....                   (no boots)
Stlth   ++++......              j - amulet of guardian spirit
HPRegen 0.09/turn               d - ring of protection from fire
MPRegen 0.08/turn               (no ring)

@: no status effects
A: fangs 1, strong nose, distributed training
a: no special abilities


You were on level 2 of the Dungeon.
You visited 1 branch of the dungeon, and saw 5 of its levels.

You collected 6 gold pieces.

Inventory:

Hand Weapons
 a - a +0 hand axe
 k - a +0 falchion (weapon)
Missiles
 e - 20 stones (quivered)
Armour
 b - a +0 leather armour (worn)
Jewellery
 d - a ring of protection from fire (left hand)
 j - an amulet of guardian spirit (around neck)
 n - an amulet of the acrobat
Wands
 g - a wand of digging (2)
 h - a wand of flame (20)
Scrolls
 c - a scroll of fog
 l - a scroll of poison {unknown}
 o - 2 scrolls of identify {unknown}
Potions
 f - a potion of haste
 i - a potion of resistance {unknown}
 m - a potion of curing {unknown}


   Skills:
 + Level 6.5 Fighting
 + Level 0.4 Short Blades
 + Level 0.4 Long Blades
 + Level 4.5 Axes
 + Level 0.4 Maces & Flails
 + Level 0.4 Polearms
 + Level 0.4 Staves
 + Level 0.4 Slings
 + Level 0.4 Bows
 + Level 0.4 Crossbows
 + Level 0.4 Throwing
 + Level 0.4 Armour
 + Level 4.5 Dodging
 + Level 9.5 Stealth
 + Level 0.4 Shields
 + Level 0.4 Unarmed Combat
 + Level 0.4 Spellcasting
 + Level 0.2 Conjurations
 + Level 0.2 Hexes
 + Level 0.2 Summonings
 + Level 0.2 Necromancy
 + Level 0.2 Translocations
 + Level 0.2 Transmutations
 + Level 0.2 Fire Magic
 + Level 0.2 Ice Magic
 + Level 0.2 Air Magic
 + Level 0.2 Earth Magic
 + Level 0.2 Poison Magic
 + Level 0.5 Invocations
 + Level 0.4 Evocations


You had one spell level left.
You didn't know any spells.
Your spell library was empty.

Dungeon Overview and Level Annotations

Branches:
Dungeon (6/15)             Temple (0/1) D:5

Altars:

Annotations:
D:2 Natasha


Innate Abilities, Weirdness & Mutations

You have very sharp teeth.
Your uncanny sense of smell can sniff out nearby items.
Your experience applies equally to all skills.


Message History

Press: ? - help, Shift-Dir - straight line, f - Natasha
Aim: Natasha (60% to hit)
The puff of flame hits Natasha.
Natasha is lightly wounded.
The white imp gestures at you. The puff of frost misses you.
You barely miss Natasha.
Natasha is lightly wounded.
Natasha closely misses you.
The crimson imp blinks!
Unknown command.
You hit Natasha but do no damage. You bite Natasha, but do no damage.
Natasha is lightly wounded.
Natasha claws you but does no damage.
Aiming: Throw Flame
Press: ? - help, Shift-Dir - straight line, f/p - Natasha
Aim: Natasha (lightly wounded, 60% to hit)
The puff of flame hits Natasha.
Natasha is heavily wounded.
Natasha casts a spell at you. The magic dart hits you.
The white imp hits you but does no damage.
You hit Natasha but do no damage.
Natasha is heavily wounded.
The white imp completely misses you. Natasha claws you. The white imp hits you.
* * * LOW HITPOINT WARNING * * *
The white imp freezes you.
* * * LOW HITPOINT WARNING * * *
Natasha claws you.
* * * LOW HITPOINT WARNING * * *
Hit: k) +0 falchion
Press: ? - help, Dir - move target, f/p - Natasha
Aim: Natasha (heavily wounded, about 47% to evade your +0 falchion)
Okay, then.
Aiming: Throw Flame
Press: ? - help, Shift-Dir - straight line, f/p - Natasha
Aim: Natasha (heavily wounded, 60% to hit)
The puff of flame hits Natasha!
Natasha is almost dead.
The white imp hits you.
You die...

#..... .....
..... #..5
##..#
.........#
....##..#
#...##h5#
...##@.#
#..##..#
#..##..#
#..##..#
#.>##..#
#######..##..#
#........##..#
####.###.##..#
#...........#


You could see Natasha, a crimson imp (summoned) and a white imp (summoned).

Vanquished Creatures
  An ufetubus (D:5)
  2 dart slugs (D:3)
  An endoplasm (D:2)
  A bat (D:3)
  A frilled lizard (D:2)
6 creatures vanquished.

Notes
Turn   | Place    | Note
-------+----------+-------------------------------------------
     0 | D:5      | Reached skill level 9 in Stealth
     0 | D:5      | croobank the Gnoll Delver began the quest for the Orb.
     0 | D:5      | Reached XP level 1. HP: 23/23 MP: 1/1
    68 | D:5      | Noticed an ogre
   160 | D:6      | Noticed a scorpion
   243 | D:5      | Noticed a jelly
   254 | D:5      | Noticed a hound
   325 | D:3      | Reached XP level 2. HP: 29/29 MP: 2/2
   372 | D:2      | Noticed Natasha
   375 | D:2      | Noticed a crimson imp
   383 | D:2      | HP: 1/29 [Natasha (5)]
   384 | D:2      | Slain by a white imp

Illustrated notes

Levels and vault maps discovered:
D:2:      layout_basic, minmay_misc_feat_tower, uniq_natasha
D:3:      layout_basic, minmay_misc_feat_enclosed, uniq_sigmund
D:4:      layout_gridville, nicolae_dithmenos_shadow_blocks,
          ebering_ghost_disaster_area, uniq_duvessa, uniq_eustachio
D:5:      layout_basic, general_overflow_altar, mainiacjoe_overflow_24_doors,
          minmay_temple_entry_crystal_x, serial_shops,
          nicolae_inconvenience_store
D:6:      kennysheep_housing_project, layout_basic, serial_park_tiny_pond,
          uniq_crazy_yiuf_cottage

Skill      XL: | |
---------------+-+-----
Stealth        | |  9.5
Fighting       | |  6.5
Short Blades   | |  0.4
Long Blades    | |  0.4
Axes           | |  4.5
Maces & Flails | |  0.4
Polearms       | |  0.4
Staves         | |  0.4
Slings         | |  0.4
Bows           | |  0.4
Crossbows      | |  0.4
Throwing       | |  0.4
Armour         | |  0.4
Dodging        | |  4.5
Shields        | |  0.4
Unarmed Combat | |  0.4
Spellcasting   | |  0.4
Conjurations   | |  0.2
Hexes          | |  0.2
Summonings     | |  0.2
Necromancy     | |  0.2
Translocations | |  0.2
Transmutations | |  0.2
Fire Magic     | |  0.2
Ice Magic      | |  0.2
Air Magic      | |  0.2
Earth Magic    | |  0.2
Poison Magic   | |  0.2
Invocations    | |  0.5
Evocations     | |  0.4

Action                   || total
-------------------------++-------
Melee: Falchion          ||    19
       Punch             ||     1
       Bite              ||     2
Evoke: Wand              ||     4
  Use: Scroll            ||     2
 Stab: Sleeping          ||     3
Armor: Leather armour    ||     3
Dodge: Dodged            ||    14

Table legend: (Time is in decaauts)
 A = Elapsed time spent in this place.
 B = Non-inter-level travel time spent in this place.
 C = Inter-level travel time spent in this place.
 D = Time resting spent in this place.
 E = Time spent auto-exploring this place.
 F = Levels seen in this place.
 G = Mean time per level.
                   A        B        C        D        E       F      G
               +--------+--------+--------+--------+--------+-----+--------+
         Total |    387 |    376 |     11 |      0 |     20 |   5 |   77.4 |
       Dungeon |    387 |    376 |     11 |      0 |     20 |   5 |   77.4 |
               +--------+--------+--------+--------+--------+-----+--------+

Top non-repeatable levels by time:
     D:5: 195 daAuts
     D:6: 76 daAuts
     D:2: 46 daAuts
     D:3: 43 daAuts
     D:4: 26 daAuts
